cohdb
Replays
Latest Replays
All Replays
Popular Replays
Top Player Replays
Match Explorer
How It Works
Community
CoH3 Stats
Reddit
Sign in to upload your games and track your stats! →
Sign in with Steam
Match 40977285
Unlisted
Match 40977285
Overview
Messages
Build Orders
End
Selects Italian Combined Arms Battlegroup
Selects Bersaglieri Squad
Bersaglieri Squad
250 Light Carrier
Bersaglieri Squad
Construct Light Support Kompanie
Assault Grenadier Squad
Construct Mechanized Kompanie
Panzerjäger Mechanized Group
Selects Semovente da 75/18 Assault Gun
Semovente da 75/18 Assault Gun
2.5-tonne Medical Truck
Selects Bersaglieri Bolster
Construct Panzerarmee Kommand
Selects Breda Model 30 Light Machine Guns
Panzer III L Medium Tank
Vehicle Survival Package
Panzer III L Medium Tank
Selects Strafing Run
Strafing Run
Tungsten Core Ammunition
Emergency Repair Kits
Selects Pact of Steel
Walking Stuka Rocket Launcher
Mintjack
denny870522
Barry Chuckle
Rambo Bine
0
0
Comments
sign in to comment!
No comments posted yet!